AoeStats
← 无敌火枪手

Arabia

505714496Analyzed
1v1 RM · 21d ago on Sep 10, 2026· 60m 49s· 2 players
Game mode
Random Map
Map size
Tiny (2 player)
Population
200
Speed
Normal
Resources
Standard
Victory
Conquest
Starting age
Dark Age
Ending age
Imperial Age
RankedLock teamsTeams togetherTeam positionsShared explorationLock speedFull tech treeHidden civsTurbo modeCheats
Victory
Defeat
🇨🇳 Cumans · China
951
+16
🇺🇸 Japanese · United States
946
-16
CatGodMaster69
8:33 Loom
11:02 Feudal Age
11:33 Man-at-Arms
12:59 Fletching
18:04 Double-Bit Axe
18:35 Padded Archer Armor
22:38 Horse Collar
25:57 Forging
25:53 Scale Barding Armor
26:20 Bloodlines
29:27 Castle Age
27:46 Gold Mining
32:26 Chain Barding Armor
39:34 Husbandry
48:46 Iron Casting
60:32 Bodkin Arrow
无敌火枪手
0:57 Loom
10:09 Feudal Age
10:59 Horse Collar
11:30 Double-Bit Axe
18:11 Gold Mining
24:52 Castle Age
23:07 Stone Mining
26:13 Wheelbarrow
25:04 Crossbowman
26:22 Pikeman
27:05 Squires
26:58 Fletching
27:10 Padded Archer Armor
29:57 Wheelbarrow
30:42 Bow Saw
33:09 Scale Mail Armor
33:06 Bodkin Arrow
38:58 Gold Shaft Mining
51:52 Capped Ram
54:12 Leather Archer Armor
54:12 Forging
57:38 Leather Archer Armor
Connection lost

Rejoining the realm…

Still unreachable

The connection could not be restored.

Session expired

The server has moved on; the page needs a fresh start.